 Dungeon Crawl Stone Soup version 0.20.1-1-g8b1a95d66d (webtiles) character file.

33 NullDivider the Caller (level 3, 0/28 HPs)
             Began as a Hill Orc Summoner on Dec 12, 2017.
             Slain by a gnoll
             ... wielding a +0 whip
              (10 damage)
             ... on level 2 of the Dungeon.
             The game lasted 00:09:13 (2028 turns).

NullDivider the Caller (Hill Orc Summoner)          Turns: 2028, Time: 00:09:14

Health: 0/28       AC:  2    Str: 10    XL:     3   Next: 29%
Magic:  1/5        EV: 12    Int: 16    God:
Gold:   100        SH:  0    Dex: 11    Spells: 4/5 levels left

rFire    . . .     SeeInvis .   (no weapon)
rCold    . . .     Gourm    .   (no shield)
rNeg     . . .     Faith    .   a - +0 robe
rPois    .         Spirit   .   (no helmet)
rElec    .         Reflect  .   (no cloak)
rCorr    .         Harm     .   (no gloves)
MR       .....                  (no boots)
Stlth    ++........             (no amulet)
Regen    0.1/turn               (no ring)
MPRegen  0.1/turn               (no ring)

@: no status effects
A: no striking features
a: no special abilities


You were on level 2 of the Dungeon.
You were not hungry.

You visited 1 branch of the dungeon, and saw 2 of its levels.

You collected 100 gold pieces.

Inventory:

Armour
 a - a +0 robe (worn)
Jewellery
 e - an uncursed ring of positive energy {unknown}
 j - an uncursed amulet of faith {unknown}
Scrolls
 f - 2 scrolls of teleportation {unknown}
 g - 2 scrolls of amnesia {unknown}
 i - 3 scrolls of enchant weapon {unknown}
Potions
 d - a potion of heal wounds {unknown}
Books
 b - a book of Callings

   Spells                             Type                      Level
   a - Summon Small Mammal            Summoning                    1
   b - Call Imp                       Summoning                    2
   c - Call Canine Familiar           Summoning                    3
   d - Summon Guardian Golem          Hexes/Summoning              3
   e - Summon Lightning Spire         Summoning/Air                4
   f - Summon Ice Beast               Ice/Summoning                4
Comestibles
 c - a bread ration
 h - 4 chunks of flesh


   Skills:
 + Level 1.4 Fighting
 + Level 1.7 Dodging
 - Level 1.5 Stealth
 + Level 0.9 Unarmed Combat
 + Level 1.9 Spellcasting
 + Level 4.2 Summonings


You had 4 spell levels left.
You knew the following spells:

 Your Spells              Type           Power        Failure   Level  Hunger
a - Summon Small Mammal   Summ           ###.         3%          1    #......


Dungeon Overview and Level Annotations

Branches:
Dungeon (2/15)

Altars:


Message History

Confirm with . or Enter, or press ? or * to list all spells.
You hit the gnoll.
The gnoll is lightly wounded.
The gnoll hits you with a whip.
Your rat barely misses the gnoll.
You barely miss the gnoll.
The gnoll is lightly wounded.
Your bat hits the gnoll but does no damage.
You hit the gnoll but do no damage.
The gnoll is lightly wounded.
Your bat hits the gnoll but does no damage.
The gnoll hits you with a whip!
Your rat bites the gnoll but does no damage.
You hit the gnoll but do no damage.
The gnoll is lightly wounded.
Your bat hits the gnoll but does no damage.
The gnoll hits you with a whip.
Your rat closely misses the gnoll.
Casting: Summon Small Mammal
Confirm with . or Enter, or press ? or * to list all spells.
Your bat barely misses the gnoll.
The gnoll hits you with a whip!
You die...

####..#.##............
#.....................
.......[.#.......#
.......#.#.#.#...#
.........#...###.#
.......)....####.#
#....##........รท.######
### ##........##......#
#.r.@r.........##.#
#.......g>..#.....#
#......b....##....##
..##........#......# .#
##!.###.......#.## ...
#......))).# # #...
#.........<# .. ....
#........).#...
#..............


You could see a gnoll, a friendly quokka, a friendly bat and a friendly rat.

Vanquished Creatures
  A giant cockroach (D:1)
  2 goblins
  2 hobgoblins (D:2)
  4 jackals (D:1)
  A bat (D:1)
  A frilled lizard (D:1)
  2 kobolds (D:1)
  2 rats (D:2)
15 creatures vanquished.

Vanquished Creatures (collateral kills)
  An adder (D:2)
  2 goblins
  2 hobgoblins
  2 jackals (D:1)
  2 kobolds (D:1)
  A quokka (D:2)
  2 bats
  2 frilled lizards (D:1)
  4 rats (D:1)
18 creatures vanquished.

Grand Total: 33 creatures vanquished

Notes
Turn   | Place    | Note
-------+----------+-------------------------------------------
     0 | D:1      | NullDivider the Hill Orc Summoner began the quest for the Orb.
     0 | D:1      | Reached XP level 1. HP: 14/14 MP: 3/3
   830 | D:1      | Reached XP level 2. HP: 18/20 MP: 4/4
  1521 | D:1      | Reached skill level 1 in Fighting
  1798 | D:2      | Reached XP level 3. HP: 16/28 MP: 1/5
  2028 | D:2      | Slain by a gnoll

Skill      XL: |  1  2 |
---------------+-------+-----
Fighting       | 1 |  1.4
Dodging        | |  1.7
Stealth        | |  1.5
Unarmed Combat | |  0.9
Spellcasting   | |  1.9
Summonings     | |  4.2

Action                   || total
-------------------------++-------
Melee: Unarmed           ||   128
 Cast: Summon Small Mamm ||    45
 Stab: Sleeping          ||     1
  Eat: Chunk             ||     5
Armor: Robe              ||    30
Dodge: Dodged            ||   114
